 Dungeon Crawl Stone Soup version 0.31-a0-133-gaae73658be (webtiles) character file.

Game seed: 15885884671121277465

106 IdlyInterested the Trooper (level 4, -4/35 HPs)
             Began as a Demonspawn Gladiator on June 2, 2023.
             Killed from afar by Natasha (6 damage)
             ... with a magic dart
             ... on level 2 of the Dungeon.
             The game lasted 00:05:00 (1705 turns).

IdlyInterested the Trooper (Demonspawn Gladiator)   Turns: 1705, Time: 00:05:01

Health: -4/35      AC:  5    Str: 16    XL:     4   Next: 55%
Magic:  4/4        EV: 12    Int: 10    God:
Gold:   42         SH:  4    Dex: 14    Spells: 3/3 levels left

rFire   . . .        a - +0 trident
rCold   . . .        (no shield)
rNeg    . . .        b - +0 leather armour
rPois   .            c - +0 helmet
rElec   .            (no cloak)
rCorr   .            h - +0 pair of gloves
SInv    .            (no boots)
Will    .....        (no amulet)
Stlth   +            (no ring)
HPRegen 0.25/turn    (no ring)
MPRegen 0.09/turn

%: no passive effects
@: hasted and slowed
A: condensation shield, weakness stinger 1
a: no special abilities


You were on level 2 of the Dungeon.
You visited 1 branch of the dungeon, and saw 2 of its levels.

You collected 42 gold pieces.

Inventory:

Hand Weapons
 a - a +0 trident (weapon)
 f - a +0 short sword
 j - a +0 hand axe
 m - a +0 long sword
Missiles
 d - 3 throwing nets
 e - a javelin
 i - 15 stones (quivered)
Armour
 b - a +0 leather armour (worn)
 c - a +0 helmet (worn)
 h - a +0 pair of gloves (worn)
Scrolls
 l - a scroll of identify
Potions
 k - 2 potions of magic
 n - a potion of heal wounds {unknown}
 o - a potion of degeneration {unknown}
 p - a potion of lignification {unknown}


   Skills:
 * Level 3.5 Fighting
 + Level 3.4 Polearms
 + Level 1.7 Throwing
 - Level 1.0 Armour
 - Level 2.6 Dodging
 - Level 1.0 Stealth
 - Level 1.0 Evocations


You had 3 spell levels left.
You didn't know any spells.
Your spell library contained the following spells:

 Spells                   Type           Power      Damage    Failure   Level
 Flame Wave               Conj/Fire      0%         2d4       99%         4
 Iskenderun's Battlesphe  Conj           0%         2d6       100%        5


Dungeon Overview and Level Annotations

Branches:
Dungeon (2/15)

Altars:
Yredelemnul

Annotations:
D:2 Natasha


Innate Abilities, Weirdness & Mutations

A meltable shield of frost defends you. (SH +4)
You have a small tail.


Message History

Natasha claws you. Natasha casts a spell at you. The magic dart hits you.
The cerulean imp barely misses you.
You hit Natasha.
Natasha is heavily wounded.
Natasha drinks a potion.
Natasha is healed!
The cerulean imp hits you from afar with a +2 spear.
Natasha claws you.
You closely miss Natasha.
Natasha is moderately wounded.
The cerulean imp hits you but does no damage.
Natasha barely misses you.
The cerulean imp hits you from afar with a +2 spear.
* * * LOW HITPOINT WARNING * * *
You block Natasha's attack.
You feel yourself speed up.
The cerulean imp hits you from afar with a +2 spear.
* * * LOW HITPOINT WARNING * * *
Natasha misses you. The cerulean imp closely misses you.
You hit Natasha.
Natasha is heavily wounded.
Natasha barely misses you.
The cerulean imp hits you from afar with a +2 spear.
* * * LOW HITPOINT WARNING * * *
You closely miss Natasha.
Natasha is heavily wounded.
Natasha barely misses you.
The cerulean imp hits you from afar with a +2 spear.
* * * LOW HITPOINT WARNING * * *
You closely miss Natasha.
Natasha is heavily wounded.
Natasha closely misses you.
The cerulean imp hits you but does no damage.
Natasha casts a spell.
You closely miss Natasha.
Natasha is heavily wounded.
The cerulean imp closely misses you.
Natasha stares at you and mumbles some strange words.
The magic dart hits you.
You die...

♣.♣ #.# #.# #.. #. #.#
#.#####.. ##.# #.#
#.....#.. ..... #.#
#####.#.. #..... #.#
#.### .....###.# .....#.#
........5 ......#.###
......5h###........#....
.♣.P@....... ...#####
###♣.♣..♣...... ..# #.#
#.#....♣_.♣###### #.# #.#
.........†.# #.####.#
..#.##.♣...#### #.##....
#.........#####.......
....##.#..##.##.....#....
.....#.#..##.#.###..#).##
...........##.#.###..#..#


You could see Natasha and 2 cerulean imps.

Vanquished Creatures
  Natasha (twice) (D:2)
  2 adders (D:2)
  A worm (D:2)
  2 dart slugs
  3 bats (D:1)
  An endoplasm (D:2)
  3 giant cockroaches
  A hobgoblin (D:1)
  3 quokkas (D:2)
  3 ball pythons
  3 frilled lizards
  5 goblins (D:1)
  4 kobolds (D:1)
  2 rats
35 creatures vanquished.

Notes
Turn   | Place    | Note
-------+----------+-------------------------------------------
     0 | D:1      | IdlyInterested the Demonspawn Gladiator began the quest for
                  | the Orb.
     0 | D:1      | Reached XP level 1. HP: 16/16 MP: 1/1
   213 | D:1      | Got the Directory of Damage
   279 | D:1      | Gained mutation: You have a small tail. [demonic ancestry]
   279 | D:1      | Reached XP level 2. HP: 22/22 MP: 2/2
   385 | D:1      | Reached skill level 1 in Armour
  1033 | D:2      | Gained mutation: A meltable shield of frost defends you.
                  | (SH +4) [demonic ancestry]
  1033 | D:2      | Reached XP level 3. HP: 16/28 MP: 3/3
  1315 | D:2      | Found a basalt altar of Yredelemnul.
  1331 | D:2      | Reached skill level 1 in Stealth
  1348 | D:2      | Noticed Natasha
  1356 | D:2      | Killed Natasha
  1357 | D:2      | Reached XP level 4. HP: 10/35 MP: 4/4
  1661 | D:2      | Found a faded altar of an unknown god.
  1665 | D:2      | Noticed Natasha
  1672 | D:2      | Killed Natasha
  1673 | D:2      | Reached skill level 1 in Evocations
  1689 | D:2      | Noticed Natasha
  1703 | D:2      | HP: 1/35 [cerulean imp/+2 spear[Natasha] (6)]
  1705 | D:2      | Killed from afar by Natasha

Illustrated notes

Levels and vault maps discovered:
D:1:      lemuel_arrival_broad_hall, layout_loops_corners
D:2:      layout_basic, basic_altar, ebering_ecumenical_altar_petrified,
          serial_forest, infiniplex_forest_lined_2, infiniplex_forest_lined_1,
          infiniplex_forest_straight_5, infiniplex_forest_lined_2,
          infiniplex_forest_corner_2, infiniplex_forest_corner_1, uniq_natasha

Skill      XL: |  1  2  3  4 |
---------------+-------------+-----
Armour         | 1 |  1.0
Polearms       | 3 |  3.4
Fighting       | 3 |  3.5
Stealth        | 1 |  1.0
Evocations     | 1 |  1.0
Throwing       | |  1.7
Dodging        | |  2.6

Action                     |  1- 3 |  4- 6 || total
---------------------------+-------+-------++-------
  Melee: Trident           |    86 |    20 ||   106
         Tailslap          |     8 |     1 ||     9
         Punch             |     1 |       ||     1
  Throw: Stone             |     4 |       ||     4
    Use: Scroll            |     3 |       ||     3
         Potion            |     1 |     1 ||     2
   Stab: Sleeping          |     2 |       ||     2
 Armour: Leather armour    |    27 |     4 ||    31
  Dodge: Dodged            |    43 |    16 ||    59
  Block: Other             |     5 |     2 ||     7

Table legend: (Time is in decaauts)
 A = Elapsed time spent in this place.
 B = Non-inter-level travel time spent in this place.
 C = Inter-level travel time spent in this place.
 D = Time resting spent in this place.
 E = Time spent auto-exploring this place.
 F = Levels seen in this place.
 G = Mean time per level.
                   A        B        C        D        E       F      G
               +--------+--------+--------+--------+--------+-----+--------+
         Total |   1736 |   1445 |    291 |    119 |    901 |   2 |  868.0 |
       Dungeon |   1736 |   1445 |    291 |    119 |    901 |   2 |  868.0 |
               +--------+--------+--------+--------+--------+-----+--------+

Top non-repeatable levels by time:
     D:1: 1198 daAuts
     D:2: 538 daAuts
